Map: Abyssal Reef LE

Players

VITmaru (Maru)

  • Race: Terran Terran
  • Spawn Location: 5:00

Serral - Winner!

  • Race: Zerg Zerg
  • League: Master
  • Spawn Location: 11:00

Event: HomeStory Cup XXVI

VOD

Have the link to the VOD?

Description

Time

  • Played on: Dec. 1, 2024, 1:07 p.m.
  • Length: 20:36

All games in this series

Show
View Real Time Build Order
Export as new Build Order

VITmaru Terran 

Build Orders: Banshee Rush 

Get SALT Encoding   

  12  0:00  SCV  
  13  0:12  SCV  
  14  0:18  Supply Depot  
  14  0:24  SCV  
  15  0:40  SCV  
  15  0:41  Barracks  
  16  0:52  SCV  
  16  0:53  Refinery  
  17  1:04  SCV  
  18  1:16  SCV  
  19  1:28  Orbital Command, Marine  
  20  1:40  Command Center  
  20  1:46  Marine  
  21  1:51  Supply Depot  
  22  1:54  SCV  
  22  2:06  SCV  
  23  2:10  Factory  
  23  2:15  Barracks Reactor  
  23  2:18  SCV  
  23  2:22  Refinery  
  24  2:30  SCV  
  25  2:42  SCV  
  26  2:52  Orbital Command  
  26  2:54  SCV  
  26  2:55  Starport  
  27  3:00  Hellion x2  
  27  3:02  Barracks Tech Lab  
  31  3:06  SCV  
  32  3:13  Supply Depot  
  32  3:18  SCV  
  32  3:19  SCV  
  34  3:22  Hellion x2  
  38  3:30  SCV  
  38  3:31  SCV  
  40  3:39  Barracks Tech Lab, Cloaking Field, Banshee  
  43  3:42  SCV  
  44  3:48  SCV  
  44  3:54  SCV, Command Center  
  45  3:58  Marine  
  45  4:02  SCV  
  47  4:08  SCV  
  48  4:11  Supply Depot  
  48  4:12  Stimpack  
  48  4:14  SCV  
  48  4:16  Marine  
  50  4:20  SCV  
  50  4:22  Banshee  
  54  4:32  Barracks  
  54  4:33  SCV  
  54  4:34  SCV  
  56  4:38  Barracks  
  56  4:44  Factory Reactor  
  56  4:45  SCV  
  57  4:46  SCV, Engineering Bay  
  57  4:47  Engineering Bay  
  57  4:50  Marine  
  57  4:51  Refinery  
  59  4:57  SCV  
  60  5:01  SCV  
  61  5:09  SCV  
  61  5:12  Marine  
  61  5:13  SCV  
  65  5:14  Starport Reactor, Barracks x2  
  65  5:17  Terran Infantry Weapons Level 1, Terran Infantry Armor Level 1  
  64  5:22  Orbital Command  
  64  5:24  SCV  
  65  5:29  Marine x2  
  65  5:30  SCV  
  68  5:37  SCV  
  68  5:38  Supply Depot  
  68  5:40  Refinery  
  68  5:42  Siege Tank  
  72  5:44  Marine x2  
  72  5:48  Supply Depot  
  74  5:56  Orbital Command  
  74  5:57  Medivac  
  74  5:58  Marine  
  74  6:00  Marine, Medivac  
  74  6:02  SCV x2  
  82  6:06  Combat Shield  
  82  6:08  Marine x3  
  85  6:11  Marine x2  
  87  6:24  Marine x2  
  89  6:26  Marine  
  89  6:27  Siege Tank  
  89  6:30  Marine x4  
  97  6:35  Medivac x2  
  101  6:41  Supply Depot  
  101  6:51  Armory  
  101  6:53  Marine  
  101  6:54  Marine x4  
  104  6:57  Marine  
  108  7:05  Medivac  
  110  7:11  Siege Tank, Marine x3  
  110  7:13  Barracks Tech Lab x2  
  110  7:14  SCV  
  114  7:19  Supply Depot  
  114  7:20  Supply Depot  
  114  7:26  SCV x2  
  114  7:27  SCV  
  117  7:41  Marauder x2, Terran Infantry Weapons Level 2  
  117  7:43  Terran Infantry Armor Level 2  
  121  7:44  Supply Depot  
  121  7:47  SCV  
  121  7:51  Marine x2, Marauder  
  122  7:56  SCV x2  
  127  7:59  SCV  
  127  8:05  Supply Depot  
  128  8:08  Supply Depot, SCV x2  
  128  8:10  Marine  
  128  8:11  SCV, Marauder  
  132  8:15  Siege Tank  
  133  8:21  Medivac x2  
  133  8:26  Marine  
  136  8:27  Marauder x2  
  136  8:31  Marine x3  
  136  8:32  Marauder  
  140  8:35  Concussive Shells  
  140  8:39  Supply Depot  
  140  8:40  Supply Depot  
  140  8:45  Marine  
  140  8:48  Marine, Marauder  
  147  8:49  Marine  
  147  8:50  Marine x2  
  147  8:54  Marauder  
  152  8:56  Medivac  
  154  9:03  Marine  
  154  9:06  Marauder  
  154  9:07  Marine  
  154  9:08  Marine  
  154  9:09  Marine  
  158  9:10  Marauder  
  158  9:15  Marauder  
  156  9:18  Siege Tank  
  156  9:21  Marine  
  154  9:24  Marine  
  154  9:26  Marine x2  
  154  9:28  Marauder  
  159  9:31  Marauder  
  159  9:34  Command Center  
  159  9:37  Marauder  
  161  9:39  Marine  
  161  9:42  Marine  
  161  9:44  Marine x2  
  162  9:46  Medivac  
  162  9:49  Marauder  
  162  9:50  SCV  
  162  9:51  SCV x2, Refinery x2, Siege Tank  
  172  9:52  Marauder  
  172  9:57  Marine  
  172  9:58  Marauder  
  173  10:02  Supply Depot x2  
  173  10:05  Ghost Academy  
  173  10:12  Terran Infantry Weapons Level 3  
  173  10:24  SCV x2, Marauder x3  
  173  10:27  Viking x2  
  185  10:36  Terran Infantry Armor Level 3  
  185  10:37  Terran Vehicle Weapons Level 1  
  185  10:39  Command Center  
  182  10:55  Ghost x2  
  188  10:59  SCV x3, Barracks  
  188  11:00  Barracks  
  188  11:02  Ghost  
  192  11:11  SCV  
  192  11:15  SCV x2  
  192  11:19  Planetary Fortress  
  192  11:23  SCV  
  189  11:27  SCV  
  189  11:28  SCV  
  188  11:35  SCV  
  182  11:40  SCV x2  
  182  11:45  Ghost  
  182  11:46  Ghost x2  
  192  11:47  SCV  
  192  11:52  SCV x2  
  195  11:56  Siege Tank  
  195  11:59  SCV, Refinery  
  199  12:01  SCV  
  199  12:02  Sensor Tower  
  199  12:06  Refinery x2  
  199  12:07  Barracks Tech Lab x2  
  200  12:09  Personal Cloaking  
  187  12:18  Ghost  
  187  12:19  SCV  
  187  12:20  Refinery  
  191  12:25  Medivac  
  193  12:34  Sensor Tower  
  193  12:39  Command Center x2  
  193  12:43  Command Center  
  193  12:44  Terran Vehicle Weapons Level 2  
  193  12:50  Factory  
  191  12:55  Ghost  
  192  13:03  Ghost  
  194  13:16  SCV  
  194  13:17  SCV x3, Command Center  
  196  13:29  SCV  
  186  13:34  Ghost  
  186  13:35  Ghost x3  
  186  13:36  Missile Turret  
  186  13:40  Ghost  
  194  13:46  Planetary Fortress  
  194  13:48  SCV x3  
  188  13:55  SCV  
  182  14:03  Ghost x2  
  182  14:05  Neosteel Armor  
  182  14:06  Refinery  
  182  14:07  Orbital Command x2, Refinery  
  182  14:09  Factory Tech Lab  
  181  14:17  Ghost x3  
  181  14:18  Marine  
  181  14:21  Medivac  
  187  14:26  SCV x4  
  191  14:34  Siege Tank  
  191  14:36  Sensor Tower  
  195  14:38  SCV  
  195  14:39  Orbital Command  
  195  14:48  Sensor Tower  
  195  14:51  Siege Tank  
  171  15:08  SCV x4  
  171  15:09  SCV x2  
  137  15:21  Orbital Command  
  137  15:24  Marine x4  
  137  15:25  Marauder x4  
  137  15:26  Orbital Command  
  137  15:27  Marine  
  137  15:28  Siege Tank x2  
  143  15:42  Marine x3  
  146  15:45  Marauder  
  146  15:46  Marauder x2  
  152  15:52  Sensor Tower  
  152  15:55  SCV x2  
  152  15:56  SCV  
  155  16:00  Siege Tank x2  
  159  16:07  SCV x2  
  159  16:08  SCV x3  
  159  16:11  SCV  
  165  16:19  SCV x2  
  165  16:20  SCV x3  
  165  16:25  Refinery  
  170  16:34  Siege Tank  
  146  16:41  Medivac x2  
  146  16:42  Marine x2, Marauder  
  142  16:49  Siege Tank  
  143  16:58  Marine x2  
  143  16:59  Marine x2, Marauder x3  
  143  17:00  Marine  
  151  17:04  Marauder  
  151  17:06  Siege Tank  
  153  17:16  Marine x2  
  153  17:17  Marine x2  
  153  17:18  Marauder  
  153  17:20  Marine, Marauder  
  153  17:22  Marine  
  160  17:25  Marauder  
  160  17:26  SCV x2  
  160  17:29  Planetary Fortress  
  164  17:34  Marine x2  
  164  17:35  Marine  
  167  17:38  Marauder  
  167  17:39  Marine  
  167  17:40  Marauder  
  167  17:41  Marauder  
  167  17:42  Sensor Tower  
  174  17:45  Marine  
  174  17:46  Marauder  
  177  17:59  Marauder  
  162  18:08  Marauder  
  162  18:11  Orbital Command  
  162  18:12  Ghost x2  
  153  18:13  Ghost  
  153  18:14  Marine x4  
  153  18:15  Siege Tank  
  153  18:18  Orbital Command  
  146  18:20  Ghost  
  149  18:29  Marauder  
  149  18:32  Marine  
  152  18:34  Siege Tank  
  152  18:35  Marine x3  
  152  18:37  SCV x4  
  164  18:41  Marauder x2  
  164  18:42  Marine  
  164  18:44  SCV x2  
  169  18:49  SCV x2, Marauder  
  169  18:51  Sensor Tower  
  163  19:18  Supply Depot  
  163  19:19  Siege Tank  
  163  19:21  Marine, Medivac x2  
  171  19:24  Marine  
  171  19:34  Marine x2  
  171  19:36  Marauder x2  
  156  19:42  Marine, Marauder x2  
  156  19:45  Siege Tank  
  155  19:49  Marine  
  155  19:51  Medivac  
  155  19:52  Marine x2  
  153  19:56  Marine  
  153  19:57  Marine  
  150  20:00  Marine  
  150  20:03  Marine  
  145  20:07  Marine  
  145  20:10  Marine x2  
  137  20:14  Marine  
  137  20:15  Marine  
  137  20:17  Marine  
Show
View Real Time Build Order
Export as new Build Order

Serral Zerg - Winner!

Build Orders: Pool First, Lurkers 

Get SALT Encoding   

  12  0:00  Drone  
  13  0:12  Overlord  
  13  0:16  Drone  
  14  0:30  Drone x2  
  14  0:34  Drone  
  17  0:45  Spawning Pool  
  17  0:47  Drone  
  17  1:07  Hatchery  
  17  1:09  Drone  
  17  1:13  Drone  
  17  1:15  Extractor  
  17  1:18  Drone  
  18  1:31  Queen  
  20  1:33  Zergling x2  
  20  1:39  Overlord  
  21  1:49  Drone  
  22  2:00  Drone  
  23  2:07  Queen  
  25  2:10  Drone  
  26  2:23  Drone  
  26  2:25  Drone  
  26  2:26  Hatchery  
  27  2:33  Metabolic Boost  
  27  2:35  Drone  
  28  2:39  Drone  
  28  2:41  Drone  
  30  2:46  Drone  
  30  2:50  Overlord  
  31  2:56  Queen  
  33  2:59  Drone  
  33  3:01  Drone  
  33  3:03  Drone  
  35  3:10  Drone x2  
  37  3:14  Overlord  
  37  3:17  Queen  
  39  3:21  Drone  
  39  3:22  Drone x2  
  39  3:25  Drone  
  43  3:34  Overlord  
  43  3:36  Zergling x4  
  43  3:38  Queen  
  47  3:43  Zergling x4  
  49  3:49  Queen  
  49  3:51  Overlord  
  49  3:53  Drone  
  49  3:54  Drone  
  53  3:57  Drone x2  
  53  4:01  Drone  
  56  4:03  Overlord  
  56  4:04  Zergling x2  
  56  4:08  Drone x2  
  59  4:10  Overlord  
  59  4:14  Drone x2  
  59  4:16  Drone  
  62  4:22  Roach Warren  
  62  4:23  Overlord  
  61  4:24  Drone  
  61  4:26  Drone  
  63  4:32  Zergling x4  
  63  4:33  Lair  
  63  4:35  Spore Crawler  
  63  4:37  Spore Crawler  
  64  4:38  Drone  
  64  4:45  Drone x3  
  67  4:48  Drone  
  67  4:51  Drone x2  
  70  4:52  Spore Crawler  
  70  4:54  Overlord  
  70  4:55  Drone  
  70  4:57  Drone  
  70  4:58  Drone x2  
  71  5:02  Overlord  
  71  5:03  Drone x2  
  71  5:06  Extractor  
  71  5:07  Drone x2, Extractor  
  73  5:10  Drone x2  
  75  5:17  Extractor  
  75  5:18  Drone x2, Evolution Chamber  
  75  5:19  Evolution Chamber  
  75  5:21  Drone x3  
  77  5:22  Drone  
  77  5:26  Drone  
  79  5:28  Drone  
  79  5:31  Drone, Overseer  
  79  5:35  Drone x6  
  84  5:42  Drone x2, Evolution Chamber  
  85  5:44  Evolution Chamber  
  85  5:46  Glial Reconstitution  
  85  5:48  Zerg Ground Armor Level 1  
  85  5:49  Drone  
  87  5:51  Drone  
  87  5:54  Extractor  
  87  5:55  Extractor  
  85  5:57  Overlord, Zerg Missile Weapons Level 1  
  85  6:00  Roach x3  
  93  6:04  Roach  
  93  6:05  Overlord  
  93  6:08  Overlord  
  93  6:09  Overlord  
  93  6:10  Roach x3  
  99  6:14  Roach  
  99  6:15  Roach  
  103  6:20  Drone  
  103  6:23  Roach x3  
  110  6:26  Overlord  
  110  6:31  Infestation Pit  
  109  6:34  Drone x3  
  109  6:38  Hatchery  
  111  6:40  Roach x3  
  111  6:43  Overlord  
  117  6:47  Overlord  
  117  6:52  Drone x6  
  121  6:55  Drone x2, Overseer  
  123  7:01  Hydralisk Den  
  123  7:02  Overlord  
  123  7:03  Roach x3  
  128  7:10  Roach x2  
  128  7:11  Roach  
  134  7:16  Drone x3, Extractor  
  134  7:17  Overlord, Extractor  
  134  7:20  Overlord  
  135  7:23  Zergling x4  
  135  7:27  Spore Crawler  
  135  7:29  Zergling x6  
  139  7:38  Lurker Den  
  139  7:40  Ravager x3  
  139  7:43  Zergling x8  
  145  7:48  Drone x2  
  145  7:51  Overlord  
  147  7:56  Drone  
  147  7:58  Spore Crawler, Drone x2  
  146  8:02  Drone x3  
  146  8:03  Zergling x8  
  151  8:07  Drone, Hive  
  151  8:11  Drone  
  151  8:12  Drone x3  
  154  8:14  Drone  
  154  8:15  Drone, Overseer  
  156  8:21  Drone x2  
  156  8:26  Zergling x2  
  156  8:27  Zergling x2  
  160  8:31  Hydralisk x2  
  160  8:33  Zerg Missile Weapons Level 2, Zerg Ground Armor Level 2  
  163  8:35  Extractor  
  163  8:38  Hydralisk x3  
  168  8:41  Overlord x2  
  168  8:43  Hydralisk  
  168  8:44  Hydralisk x2  
  168  8:46  Hatchery  
  173  8:50  Overlord  
  173  8:54  Drone x3  
  173  8:57  Lurker  
  173  8:58  Lurker  
  173  9:08  Ravager  
  173  9:09  Ravager x2  
  171  9:15  Zergling x2  
  171  9:16  Zergling x28  
  184  9:23  Lurker x6  
  187  9:32  Drone x2  
  187  9:33  Roach x5  
  187  9:34  Extractor  
  187  9:35  Seismic Spines, Extractor  
  196  9:40  Overlord  
  196  9:42  Hydralisk x2  
  196  9:44  Viper  
  199  9:52  Hydralisk x3  
  195  10:00  Grooved Spines  
  195  10:01  Zergling x8  
  198  10:15  Hatchery  
  198  10:20  Hydralisk x2  
  195  10:21  Zergling x10  
  196  10:30  Lurker x3  
  196  10:33  Adaptive Talons  
  196  11:01  Viper  
  196  11:04  Lurker  
  200  11:12  Zerg Missile Weapons Level 3, Zerg Ground Armor Level 3  
  200  11:15  Muscular Augments  
  200  11:19  Overlord  
  199  11:26  Hydralisk  
  198  11:34  Hydralisk  
  198  11:35  Hydralisk  
  199  11:40  Pneumatized Carapace  
  199  11:41  Extractor  
  199  11:43  Extractor  
  199  11:44  Hatchery  
  193  11:47  Hydralisk, Adrenal Glands  
  193  11:48  Hydralisk x2  
  199  12:05  Hydralisk  
  198  12:14  Hydralisk x10  
  199  12:19  Hydralisk x3  
  199  12:22  Overlord x2  
  199  12:33  Overlord, Baneling Nest  
  199  12:34  Overlord  
  198  12:40  Overseer  
  198  12:43  Lurker x2  
  200  12:51  Overlord  
  200  12:53  Overseer x4  
  200  12:59  Nydus Network  
  200  13:02  Drone, Spore Crawler  
  200  13:03  Drone  
  200  13:27  Unknown  
  200  13:33  Hydralisk x6  
  200  13:36  Centrifugal Hooks  
  195  13:42  Queen x2  
  185  13:49  Queen x2  
  185  13:50  Zerg Melee Weapons Level 1  
  185  13:54  Drone x3  
  190  13:55  Drone x2  
  190  13:56  Drone  
  190  14:00  Overlord  
  190  14:01  Overseer, Overlord  
  189  14:03  Drone x2, Lurker x10  
  200  14:10  Overseer  
  200  14:16  Drone x2  
  199  14:37  Overseer  
  199  14:39  Lurker  
  199  14:43  Spire  
  199  14:52  Drone  
  200  14:59  Viper x2  
  197  15:02  Overseer x5  
  197  15:03  Overseer  
  187  15:08  Hydralisk  
  187  15:09  Hydralisk x9  
  189  15:17  Hydralisk x9  
  191  15:27  Overseer x6  
  191  15:28  Drone x6  
  174  15:29  Drone  
  174  15:34  Lurker x10  
  174  15:35  Zergling x28  
  200  15:38  Hatchery  
  200  15:41  Overseer x2  
  196  15:50  Zerg Melee Weapons Level 2  
  196  15:54  Zergling x8  
  197  16:13  Zerg Flyer Weapons Level 1  
  197  16:21  Zergling x6  
  200  16:28  Hatchery  
  192  16:35  Overseer x8  
  180  16:40  Zergling x14  
  180  16:41  Zergling x16  
  187  16:55  Overseer x5  
  187  16:59  Hydralisk x3  
  187  17:00  Zergling x22  
  191  17:16  Drone x3  
  191  17:17  Drone x3  
  191  17:18  Drone x2  
  191  17:20  Baneling x6  
  191  17:21  Baneling x32  
  193  17:25  Overlord  
  193  17:26  Overlord  
  193  17:43  Nydus Canal  
  186  17:52  Overseer x2  
  186  17:56  Drone x3  
  186  17:57  Zergling x2  
  186  17:58  Zergling x18  
  199  18:01  Nydus Canal  
  199  18:08  Zerg Flyer Armor Level 1  
  186  18:13  Zergling x34  
  189  18:20  Zergling x22  
  189  18:26  Nydus Canal  
  196  18:32  Baneling x13  
  196  18:33  Baneling x7, Drone x3  
  199  18:45  Overseer  
  199  18:46  Nydus Canal  
  199  18:47  Hatchery, Overseer  
  194  18:58  Zergling x36  
  189  19:03  Zergling x22  
  189  19:04  Nydus Canal  
  189  19:07  Overseer  
  198  19:10  Zergling x4  
  197  19:17  Baneling x6  
  197  19:18  Baneling x7  
  197  19:21  Nydus Canal  
  197  19:24  Zergling x2  
  197  19:25  Zergling x2  
  184  19:38  Zergling x24  
  184  19:39  Zergling x18  
  184  19:42  Zergling x28  
  199  19:48  Baneling  
  199  19:49  Baneling  
  197  19:54  Zergling x4  
  197  19:56  Baneling  
  197  19:57  Baneling x9  
  195  20:00  Baneling x6  
  195  20:03  Zergling x18  
  197  20:07  Baneling x9  
Tags
 
Composition
Lurkers
League
Master
Matchup
TvZ
Opening
Pool First
Spawn Locations
Cross Positions
Strategy
Banshee Rush
Add a new tag
Caveats
  • Supply blocks, unpowered buildings, or Contaminate may cause inaccurate times.
  • Supply counts are checked every 10 seconds.